Map: Echo LE (Void)

Players

Javert - Winner!

  • Race: Protoss Protoss

VOD

Have the link to the VOD?

Description

Time

  • Played on: May 1, 2015, 4:20 p.m.
  • Length: 7:05
Show
View Real Time Build Order
Export as new Build Order

Javert Protoss - Winner!

Build Orders:  

Get SALT Encoding   

  12  0:04  Probe  
  12  0:20  Probe  
  12  0:21  Pylon  
  12  0:41  Probe (Chrono Boost)  
  12  0:44  Assimilator  
  12  0:51  Probe (Chrono Boost)  
  12  0:58  Probe (Chrono Boost)  
  12  1:06  Gateway  
  12  1:10  Probe (Chrono Boost)  
  12  1:19  Probe (Chrono Boost)  
  12  1:27  Probe  
  12  1:34  Pylon  
  12  1:39  Probe  
  12  1:51  Probe  
  12  1:58  Cybernetics Core  
  12  1:59  Zealot  
  12  2:03  Probe  
  12  2:15  Probe  
  12  2:22  Pylon  
  12  2:27  Probe  
  12  2:31  Gateway, Pylon  
  12  2:33  Gateway  
  12  2:39  Probe  
  12  2:41  Warp Gate (Chrono Boost)  
  12  3:16  Probe (Chrono Boost)  
  12  3:22  Gateway x2  
  12  3:24  Gateway  
  12  3:26  Probe (Chrono Boost)  
  12  3:36  Mothership Core  
  12  4:29  Adept  
  12  4:30  Adept x5  
  12  5:09  Stalker  
  12  5:22  Pylon  
  12  5:23  Pylon  
  12  5:26  Pylon x2  
Tags
 
Add a new tag
Caveats
  • Supply blocks, unpowered buildings, or Contaminate may cause inaccurate times.
  • Supply counts are checked every 10 seconds.